[Event "Titled Tuesday Blitz March 08 Early 2022"]
[White "Winkels, Marcel"]
[Black "Farmani Anosheh, Armin"]
[WhiteFideId "1003887"]
[BlackFideId "24613240"]
[WhiteElo "1900"]
[BlackElo "2289"]
[Result "0-1"]
[Round "10"]
[TimeControl "180+1"]
[Date "2022.03.09"]
[WhiteClock "0:00:05"]
[BlackClock "0:01:04"]

1. b3 e5 2. Bb2 Nc6 3. e3 Nf6 4. Nf3 Bd6 5. Bb5 Qe7 6. O-O O-O 7. d3 a6 8. Bxc6 dxc6 9. c4 e4 10. dxe4 Nxe4 11. Qd4 f6 12. Nbd2 Nxd2 13. Qxd2 c5 14. Rfd1 Kh8 15. h3 Bd7 16. a3 a5 17. Qd3 Bc6 18. Nd2 Rad8 19. Qe2 f5 20. Nf3 f4 21. Ne1 Rde8 22. Nc2 f3 23. Qd3 fxg2 24. f4 Be4 25. Qc3 Bxc2 26. Qxc2 Qxe3+ 27. Qf2 Qxf2+ 28. Kxf2 Rxf4+ 29. Kg1 Re2 30. Re1 Rxb2 31. Re8+ Rf8 32. Rae1 Kg8 0-1


[Site "https://www.chess.com"]

[Event "Titled Tuesday Blitz March 08 Early 2022"]
[White "Yandarbiev, Ruslan"]
[Black "Borodavkin, Anatoly"]
[WhiteFideId "4115023"]
[BlackFideId "14150662"]
[WhiteElo "2102"]
[BlackElo "1845"]
[Result "1-0"]
[Round "10"]
[TimeControl "180+1"]
[Date "2022.03.09"]
[WhiteClock "0:00:47"]
[BlackClock "0:00:04"]

1. e4 e5 2. Nf3 Nf6 3. Nxe5 d6 4. Nf3 Nxe4 5. Qe2 Qe7 6. d3 Nf6 7. Bg5 Be6 8. Nd4 Nc6 9. Nxe6 fxe6 10. g3 h6 11. Bd2 O-O-O 12. Bh3 Kb8 13. O-O e5 14. Nc3 g5 15. b4 h5 16. Bxg5 Qg7 17. Bh4 Be7 18. Bg2 Nd4 19. Qd1 Rdf8 20. a4 Ng4 21. Bxe7 Qxe7 22. Nd5 Qd8 23. c3 Ne6 24. a5 c6 25. Ne3 Nxe3 26. fxe3 Qg5 27. Qe2 Rfg8 28. a6 h4 29. axb7 Kxb7 30. d4 Nc7 31. Rf7 Kc8 32. Rxa7 hxg3 33. Raxc7+ Kd8 34. Rcd7+ Ke8 35. h3 Rxh3 36. Bxh3 g2 37. Rde7+ Kd8 38. Rd7+ Ke8 39. Rfe7+ Qxe7 40. Qh5+ Kf8 41. Rxe7 Kxe7 42. Qh7+ Kf8 43. Be6 Rg7 44. Qh8+ Ke7 45. Qxg7+ Kxe6 46. e4 1-0


[Site "https://www.chess.com"]

[Event "Titled Tuesday Blitz March 08 Early 2022"]
[White "Yang, Kaiqi"]
[Black "Samunenkov, Ihor"]
[WhiteFideId "8604398"]
[BlackFideId "14187086"]
[WhiteElo "2373"]
[BlackElo "2409"]
[Result "0-1"]
[Round "10"]
[TimeControl "180+1"]
[Date "2022.03.09"]
[WhiteClock "0:00:01"]
[BlackClock "0:00:31"]

1. c4 c5 2. g3 Nc6 3. Bg2 g6 4. Nc3 Bg7 5. e3 e6 6. Nge2 Nge7 7. d4 cxd4 8. exd4 d5 9. cxd5 Nxd5 10. O-O O-O 11. Nxd5 exd5 12. Be3 Bg4 13. f3 Re8 14. Bf2 Be6 15. Qb3 Qd7 16. Rfd1 Rac8 17. Nf4 Bh6 18. Nxe6 Rxe6 19. f4 Rd6 20. Re1 Bg7 21. Rad1 h5 22. h4 Ne7 23. Kh2 Nf5 24. Rd2 Nh6 25. Bh3 Ng4+ 26. Bxg4 hxg4 27. Qd1 Bf6 28. Re5 Bxe5 29. dxe5 Rdc6 30. Rxd5 Qf5 31. Qd4 Rc2 32. Kg2 Re2 0-1


[Site "https://www.chess.com"]

[Event "Titled Tuesday Blitz March 08 Early 2022"]
[White "Yuan, Qingyu"]
[Black "Tabatabaei, M. Amin"]
[WhiteFideId "8609772"]
[BlackFideId "12521213"]
[WhiteElo "2359"]
[BlackElo "2544"]
[Result "1-0"]
[Round "10"]
[TimeControl "180+1"]
[Date "2022.03.08"]
[WhiteClock "0:00:16"]
[BlackClock "0:00:28"]

1. e4 c6 2. Nf3 d5 3. Nc3 Nf6 4. e5 Ne4 5. d4 Nxc3 6. bxc3 Bg4 7. h3 Bh5 8. e6 fxe6 9. g4 Bg6 10. Ne5 Nd7 11. Nxg6 hxg6 12. Bd3 Qa5 13. Bxg6+ Kd8 14. Bd2 e5 15. c4 Qa4 16. cxd5 cxd5 17. c3 Qxd1+ 18. Rxd1 e4 19. c4 e6 20. cxd5 exd5 21. Bf7 Nf6 22. Bg5 Kd7 23. Bxf6 gxf6 24. Bxd5 Re8 25. Bxb7 e3 26. Rd3 Rb8 27. Rb3 exf2+ 28. Kxf2 Bd6 29. Rc1 a5 30. Bc6+ Ke7 31. Re1+ Kf7 32. Bd5+ Kg7 33. Kg2 a4 34. Rxb8 Rxb8 35. Re6 Rb2+ 36. Kf3 Bf8 37. Ra6 a3 38. Ra7+ Kh6 39. h4 Rh2 40. Be4 f5 41. Bxf5 Rxh4 42. Rh7+ Kg5 43. Rxh4 Kxh4 44. Ke4 Kg5 45. Ke5 Bg7+ 46. Kd5 Kf6 47. Kc5 Bh6 48. d5 Ke7 49. d6+ Kd8 50. Kd5 Bf4 51. Ke6 Ke8 52. d7+ Kd8 53. Kf6 Bd6 54. g5 Be7+ 55. Kg6 Kc7 56. Kh6 Kd6 57. g6 Ke5 58. Bh3 1-0


[Site "https://www.chess.com"]

[Event "Titled Tuesday Blitz March 08 Early 2022"]
[White "Zhu, Jiner"]
[Black "Hess, Max"]
[WhiteFideId "8608059"]
[BlackFideId "24656666"]
[WhiteElo "2281"]
[BlackElo "2276"]
[Result "1-0"]
[Round "10"]
[TimeControl "180+1"]
[Date "2022.03.08"]
[WhiteClock "0:00:18"]
[BlackClock "0:00:01"]

1. e4 c6 2. d4 d5 3. e5 c5 4. Nf3 cxd4 5. Nxd4 Nc6 6. c4 e6 7. Nc3 Bb4 8. Nxc6 bxc6 9. Be2 d4 10. a3 Ba5 11. b4 dxc3 12. bxa5 Qxa5 13. O-O Ne7 14. Qb3 O-O 15. Qb4 Qc7 16. Qxc3 Ng6 17. Be3 c5 18. Rab1 Bb7 19. Rb5 Rfc8 20. Rxc5 Qe7 21. Rxc8+ Rxc8 22. f3 Qc7 23. Rb1 Bc6 24. Kh1 h6 25. Bf1 Qxe5 26. Qxe5 Nxe5 27. Bxa7 Ra8 28. Bd4 Nd7 29. Rb3 e5 30. Be3 Kf8 31. c5 Ke7 32. Kg1 Ke6 33. Kf2 Kd5 34. Rd3+ Ke6 35. Rb3 f6 36. Bc4+ Bd5 37. Bxd5+ Kxd5 38. Rd3+ Kc6 39. Kg3 Ra4 40. Rd6+ Kc7 41. Rd3 h5 42. h4 Kc6 43. Rd6+ Kc7 44. Rd3 Kc6 45. Bf2 Rc4 46. Rd6+ Kc7 47. Re6 Kd8 48. c6 Nb8 49. Bb6+ Kc8 50. Re8# 1-0


[Site "https://www.chess.com"]

[Event "Titled Tuesday Blitz March 08 Early 2022"]
[White "parintele_chess"]
[Black "Gracia Alvarez, Gerardo Antonio"]
[BlackFideId "5109124"]
[WhiteElo "2233"]
[BlackElo "2139"]
[Result "1/2-1/2"]
[Round "10"]
[TimeControl "180+1"]
[Date "2022.03.09"]
[WhiteClock "0:01:23"]
[BlackClock "0:01:51"]

1. d4 Nf6 2. Bf4 g6 3. Nf3 Bg7 4. e3 d6 5. Nbd2 O-O 6. Bd3 Nbd7 7. O-O Qe8 8. Bg5 h6 9. Bh4 e5 10. dxe5 Nxe5 11. Nxe5 dxe5 12. Ne4 Nxe4 13. Bxe4 f5 14. Bd5+ Kh7 15. Qf3 c6 16. Bb3 e4 17. Qe2 Bxb2 18. Rad1 Be6 19. Rd6 Bxb3 20. cxb3 Be5 21. Rd2 g5 22. Bg3 Bxg3 23. hxg3 Rd8 24. Rfd1 Rxd2 25. Qxd2 Qe7 26. Qd4 b6 27. Qd7 Rf7 28. Qxc6 1/2-1/2


[Site "https://www.chess.com"]

[Event "Titled Tuesday Blitz March 08 Early 2022"]
[White "Abarca Gonzalez, Nicolas"]
[Black "Mohammad Fahad, Rahman"]
[WhiteFideId "3409422"]
[BlackFideId "10207791"]
[WhiteElo "2504"]
[BlackElo "2323"]
[Result "1-0"]
[Round "11"]
[TimeControl "180+1"]
[Date "2022.03.08"]
[WhiteClock "0:00:47"]
[BlackClock "0:00:20"]

1. e4 e5 2. Nf3 Nc6 3. Bc4 Bc5 4. d4 Bxd4 5. Ng5 Nh6 6. O-O O-O 7. a4 d6 8. Qh5 Qf6 9. Ra3 Bg4 10. Qh4 Ne7 11. h3 Ng6 12. Qg3 Bh5 13. Kh1 Nf4 14. c3 Bb6 15. a5 Bc5 16. b4 d5 17. exd5 Bd6 18. Ne4 Qe7 19. Nbd2 f5 20. Nxd6 cxd6 21. Re1 Qf7 22. Ba2 Ne2 23. Qg5 Rac8 24. c4 e4 25. c5 Nxc1 26. Rxc1 Bg6 27. Nc4 dxc5 28. Nd6 Qd7 29. Nxc8 Nf7 30. Ne7+ Kh8 31. Nxg6+ hxg6 32. Qh4+ Kg8 33. bxc5 g5 34. Qg3 f4 35. Qc3 f3 36. d6 Qf5 37. gxf3 Qxh3+ 38. Kg1 Kh8 39. fxe4 Qg4+ 40. Qg3 Qxe4 41. Rf3 1-0


[Site "https://www.chess.com"]

[Event "Titled Tuesday Blitz March 08 Early 2022"]
[White "Ambartsumova, Karina"]
[Black "Omelja, Artem"]
[WhiteFideId "4166299"]
[BlackFideId "14119846"]
[WhiteElo "2262"]
[BlackElo "2382"]
[Result "1-0"]
[Round "11"]
[TimeControl "180+1"]
[Date "2022.03.09"]
[WhiteClock "0:00:13"]
[BlackClock "0:00:01"]

1. d4 d5 2. Nf3 Nf6 3. c4 c6 4. g3 dxc4 5. Bg2 b5 6. Ne5 Bb7 7. a4 a6 8. O-O e6 9. Nc3 Qc7 10. Qc2 Bd6 11. Ne4 Bxe5 12. dxe5 Nxe4 13. Qxe4 Nd7 14. Bf4 Nc5 15. Qc2 Nxa4 16. Rfd1 O-O 17. Be4 h6 18. Qc1 Rfd8 19. Bb1 Nc5 20. Rxd8+ Rxd8 21. Qc2 g6 22. h4 Nb3 23. Ra3 Nd4 24. Qe4 c5 25. Qe3 Qc6 26. f3 Nf5 27. Qc1 b4 28. Ra1 Qd5 29. Be4 Qd7 30. Qxc4 Bxe4 31. Qxe4 Nd4 32. Bxh6 Qb5 33. Kf2 Nf5 34. Bg5 Rd4 35. Qc2 Rc4 36. Qd3 Rd4 37. Qxb5 axb5 38. Bf6 Kh7 39. Ra8 Ng7 40. g4 c4 41. Ra7 1-0


[Site "https://www.chess.com"]

[Event "Titled Tuesday Blitz March 08 Early 2022"]
[White "Aradhya, Garg"]
[Black "Tarhan, Adar"]
[WhiteFideId "25006746"]
[BlackFideId "34544712"]
[WhiteElo "2169"]
[BlackElo "1802"]
[Result "1/2-1/2"]
[Round "11"]
[TimeControl "180+1"]
[Date "2022.03.09"]
[WhiteClock "0:00:39"]
[BlackClock "0:01:10"]

1. d4 d5 2. c4 c6 3. e3 Nf6 4. Nc3 g6 5. Nf3 Bg7 6. Be2 O-O 7. O-O dxc4 8. Bxc4 Bg4 9. Be2 Nbd7 10. a4 Qc7 11. a5 Bxf3 12. Bxf3 e5 13. d5 cxd5 14. Nxd5 Nxd5 15. Qxd5 Nc5 16. Qc4 Rad8 17. Ra3 b6 18. b4 Ne6 19. Qxc7 Nxc7 20. axb6 axb6 21. Ra7 Nd5 22. Ba3 Rfe8 23. b5 e4 24. Be2 Rc8 25. Rc1 Rxc1+ 26. Bxc1 Rc8 27. Ba3 Nc3 28. Bf1 Bf8 29. Bb2 Ne2+ 30. Bxe2 Rc2 31. Bd4 Rxe2 32. g4 Re1+ 33. Kg2 Rb1 34. Rb7 Rxb5 35. Rxb6 Rxb6 36. Bxb6 f5 37. gxf5 gxf5 38. f3 Kf7 39. fxe4 fxe4 40. h3 Ke6 41. Kf2 Kf5 42. Bd8 h5 1/2-1/2


[Site "https://www.chess.com"]

[Event "Titled Tuesday Blitz March 08 Early 2022"]
[White "Ardila, Oscar Humberto"]
[Black "Miszler, Levente"]
[WhiteFideId "4404742"]
[BlackFideId "763276"]
[WhiteElo "1966"]
[BlackElo "1966"]
[Result "0-1"]
[Round "11"]
[TimeControl "180+1"]
[Date "2022.03.09"]
[WhiteClock "0:00:01"]
[BlackClock "0:00:18"]

1. d4 Nf6 2. c4 e6 3. Nc3 d5 4. cxd5 exd5 5. Bg5 c6 6. e3 h6 7. Bh4 Bd6 8. Bd3 Be6 9. Nge2 Nbd7 10. O-O Qc7 11. Bg3 Bxg3 12. hxg3 O-O 13. Nf4 Bg4 14. Qd2 g5 15. Nfe2 Rfe8 16. Rac1 Qd6 17. f4 Ne4 18. Nxe4 dxe4 19. Bc4 Be6 20. fxg5 hxg5 21. Rf2 Bxc4 22. Rxc4 Nb6 23. Rc5 Nd5 24. Rf5 Qg6 25. g4 Rad8 26. Ng3 Rd6 27. b4 Rf6 28. b5 Rxf5 29. Nxf5 Ne7 30. bxc6 bxc6 31. Qc3 Nxf5 32. gxf5 Qf6 33. g4 Qd6 34. Kg2 Rb8 35. Rxc6 Qd7 36. Rc7 Qa4 37. Rc8+ Rxc8 38. Qxc8+ Kg7 39. f6+ Kxf6 40. Qf5+ Ke7 41. Qxg5+ Kd7 42. Qf5+ Kd8 43. Qxe4 Qxa2+ 44. Kf3 a5 45. Qa8+ Ke7 46. Qb7+ Kf8 47. Qb8+ Kg7 48. Qe5+ Kg8 49. Qg5+ Kf8 50. Qd8+ Kg7 51. g5 a4 52. Qf6+ Kg8 53. Qd8+ Kg7 54. Qf6+ Kg8 55. Qd8+ Kh7 56. Qf8 Qd5+ 57. Ke2 Qc4+ 58. Kf2 Qc2+ 59. Kf3 Qf5+ 60. Ke2 Qc2+ 61. Kf3 Qd1+ 62. Ke4 Qb3 63. Qh6+ Kg8 64. g6 Qe6+ 65. Kd3 fxg6 66. e4 a3 67. d5 Qa6+ 68. Ke3 a2 69. d6 Qxd6 70. Qg5 a1=Q 0-1


[Site "https://www.chess.com"]

[Event "Titled Tuesday Blitz March 08 Early 2022"]
[White "Atakhan, Abtin"]
[Black "Donchenko, Alexander"]
[WhiteFideId "22502203"]
[BlackFideId "24603295"]
[WhiteElo "2119"]
[BlackElo "2539"]
[Result "1-0"]
[Round "11"]
[TimeControl "180+1"]
[Date "2022.03.08"]
[WhiteClock "0:01:18"]
[BlackClock "0:01:36"]

1. d4 d5 2. c4 c6 3. Nf3 Nf6 4. e3 Bf5 5. Nc3 e6 6. Nh4 Be4 7. f3 Bg6 8. Qb3 Qc7 9. Bd2 Be7 10. Nxg6 hxg6 11. O-O-O Nbd7 12. Qc2 Rxh2 13. Bd3 O-O-O 14. e4 Rxg2 15. cxd5 cxd5 16. Kb1 Kb8 17. Bf4 Qxf4 18. Qxg2 Nb6 19. e5 Nh5 20. Qg4 Rc8 21. Ne2 Qe3 22. f4 Nc4 23. Rh3 Qd2 24. Rxd2 Nxd2+ 25. Ka1 1-0


[Site "https://www.chess.com"]

[Event "Titled Tuesday Blitz March 08 Early 2022"]
[White "Baches Garcia, Guillermo"]
[Black "Samant Aditya S"]
[WhiteFideId "2209764"]
[BlackFideId "35080580"]
[WhiteElo "2413"]
[BlackElo "1916"]
[Result "1-0"]
[Round "11"]
[TimeControl "180+1"]
[Date "2022.03.09"]
[WhiteClock "0:00:10"]
[BlackClock "0:00:01"]

1. e4 c5 2. Nf3 d6 3. d4 cxd4 4. Qxd4 Nf6 5. Bb5+ Nc6 6. Qd3 Bd7 7. c4 a6 8. Bxc6 Bxc6 9. Nc3 e6 10. Bf4 Be7 11. Rd1 Qa5 12. O-O O-O 13. Rfe1 Rfd8 14. Bd2 Qb6 15. b3 Nd7 16. Be3 Qc7 17. Nd4 Nc5 18. Qc2 Be8 19. h3 Rac8 20. Rc1 Qb8 21. Red1 b5 22. b4 Nb7 23. cxb5 axb5 24. Qd3 d5 25. exd5 Bxb4 26. dxe6 fxe6 27. Ncxb5 Rxc1 28. Rxc1 Bf8 29. Qc4 Nc5 30. a4 Kh8 31. Nf3 Nxa4 32. Qxa4 Bxb5 33. Qb3 Be8 34. Qxe6 Bd7 35. Qf7 Qd6 36. Ng5 h6 37. Qh5 1-0


[Site "https://www.chess.com"]

[Event "Titled Tuesday Blitz March 08 Early 2022"]
[White "Baker, Chris W"]
[Black "Rosenberg, Evan S"]
[WhiteFideId "401676"]
[BlackFideId "2019299"]
[WhiteElo "2257"]
[BlackElo "2223"]
[Result "1/2-1/2"]
[Round "11"]
[TimeControl "180+1"]
[Date "2022.03.09"]
[WhiteClock "0:00:13"]
[BlackClock "0:00:09"]

1. d4 Nf6 2. Nf3 e6 3. g3 b5 4. Bg2 Bb7 5. O-O d5 6. a4 b4 7. Nbd2 Be7 8. Nb3 a5 9. Bg5 Nbd7 10. c3 h6 11. Bxf6 Bxf6 12. cxb4 axb4 13. Qc2 O-O 14. Rfc1 Nb6 15. Qxc7 Qxc7 16. Rxc7 Ba6 17. e3 Rfc8 18. Rxc8+ Rxc8 19. Nc5 Be2 20. a5 Nc4 21. a6 Nxb2 22. Rb1 Nd3 23. Bf1 Bxf1 24. Kxf1 Nxc5 25. dxc5 Rxc5 26. Rxb4 Ra5 27. Rb8+ Kh7 28. Rb6 Ra2 29. Kg2 e5 30. h4 d4 31. exd4 e4 32. Ne5 e3 33. Nxf7 Rxf2+ 34. Kh3 Ra2 35. Re6 e2 36. h5 Bxd4 37. Kg4 Ra4 38. Kf5 Rxa6 39. Rxe2 Rf6+ 40. Kg4 Rxf7 41. Re6 Bf6 42. Kh3 Bg5 43. g4 Rf3+ 44. Kg2 Re3 45. Rxe3 Bxe3 46. Kf3 Bg5 47. Ke4 Kg8 48. Kf5 Kf7 49. Ke5 Ke7 50. Kf5 Kf7 51. Ke5 g6 52. hxg6+ Kxg6 53. Ke4 Bc1 54. Kf3 Kg5 55. Kg2 Kxg4 56. Kh1 Kh3 57. Kg1 Bf4 58. Kh1 Kg4 59. Kg1 Be3+ 60. Kh1 h5 61. Kg2 h4 62. Kh1 Kf4 63. Kg2 Bd4 64. Kh1 Kg5 65. Kg2 Kg4 66. Kh1 Be5 67. Kg2 Bg3 68. Kh1 h3 69. Kg1 Kf3 70. Kh1 Ke2 71. Kg1 1/2-1/2


[Site "https://www.chess.com"]

[Event "Titled Tuesday Blitz March 08 Early 2022"]
[White "Barrientos, Sergio E"]
[Black "Vusatiuk, Vladimir"]
[WhiteFideId "4401824"]
[BlackFideId "14118610"]
[WhiteElo "2397"]
[BlackElo "2157"]
[Result "1-0"]
[Round "11"]
[TimeControl "180+1"]
[Date "2022.03.08"]
[WhiteClock "0:02:31"]
[BlackClock "0:00:26"]

1. d4 Nf6 2. c4 e6 3. Nf3 a6 4. Nc3 d5 5. cxd5 exd5 6. Bf4 Bd6 7. g3 O-O 8. Bg2 c6 9. Bxd6 Qxd6 10. O-O Nbd7 11. Qb3 b5 12. Rfe1 a5 13. e4 dxe4 14. Nxe4 Nxe4 15. Rxe4 Nf6 16. Re5 Be6 17. Qc2 Bd5 18. Rae1 h6 19. Nh4 Bxg2 20. Kxg2 Qxd4 21. Nf5 Qd7 22. Rd1 Qb7 23. Re7 Qb6 24. Rd6 Rac8 25. Rxf6 gxf6 26. Nxh6+ Kh8 27. Nxf7+ Kg7 28. Ng5+ Kh6 29. Qh7+ Kxg5 30. f4+ Kg4 31. h3# 1-0


[Site "https://www.chess.com"]

[Event "Titled Tuesday Blitz March 08 Early 2022"]
[White "Berezin, Viktor"]
[Black "Zanette, Edgard Vinicius"]
[WhiteFideId "14107872"]
[BlackFideId "2109263"]
[WhiteElo "2310"]
[BlackElo "2182"]
[Result "0-1"]
[Round "11"]
[TimeControl "180+1"]
[Date "2022.03.09"]
[WhiteClock "0:00:25"]
[BlackClock "0:00:33"]

1. d4 d5 2. Nf3 Nf6 3. c4 c6 4. g3 e6 5. Bg2 Nbd7 6. Qc2 Bd6 7. O-O O-O 8. Nbd2 e5 9. dxe5 Nxe5 10. Nxe5 Bxe5 11. Nf3 Bc7 12. Rd1 Qe7 13. Bg5 dxc4 14. Qxc4 h6 15. Bd2 Re8 16. e3 Be6 17. Qc2 Bd5 18. a3 Ne4 19. Bb4 Qf6 20. Rxd5 cxd5 21. Qxc7 Qxb2 22. Rf1 a5 23. Be7 Rac8 24. Qd7 b5 25. Nd4 b4 26. axb4 axb4 27. Qxd5 Nd2 28. Rd1 Rxe7 29. Nf5 Re5 30. Qd7 Rc1 31. Nxh6+ gxh6 0-1


[Site "https://www.chess.com"]

[Event "Titled Tuesday Blitz March 08 Early 2022"]
[White "Bethke, Richard"]
[Black "Weetik, Vjacheslav"]
[WhiteFideId "12959243"]
[BlackFideId "4153472"]
[WhiteElo "2547"]
[BlackElo "2469"]
[Result "0-1"]
[Round "11"]
[TimeControl "180+1"]
[Date "2022.03.09"]
[WhiteClock "0:01:33"]
[BlackClock "0:01:32"]

1. e4 c6 2. Nf3 d6 3. Nc3 h6 4. d4 g5 5. Bc4 Bg7 6. Be3 Nd7 7. Qe2 b5 8. Bb3 a5 9. a4 b4 10. Nb1 Nb6 11. h3 Ba6 12. Qd1 Nf6 13. Nbd2 Qc7 14. e5 Nfd5 15. exd6 exd6 16. Ne4 O-O-O 17. Qd2 f5 18. Nexg5 hxg5 19. Nxg5 Rhe8 20. O-O-O f4 21. Bxf4 Re2 22. Qxe2 Bxe2 23. Ne6 Qf7 24. Nxd8 Qxf4+ 25. Kb1 Kxd8 26. Rde1 Qxd4 27. c3 Nxc3+ 28. Ka1 Qd2 29. Rb1 Nxb1 30. Rxb1 Bd3 31. Rh1 Qxb2# 0-1


[Site "https://www.chess.com"]

[Event "Titled Tuesday Blitz March 08 Early 2022"]
[White "Bettalli, Francesco"]
[Black "Avila Pavas, Santiago"]
[WhiteFideId "2816453"]
[BlackFideId "4437128"]
[WhiteElo "2216"]
[BlackElo "2242"]
[Result "0-1"]
[Round "11"]
[TimeControl "180+1"]
[Date "2022.03.08"]
[WhiteClock "0:02:03"]
[BlackClock "0:02:26"]

1. d4 Nf6 2. Nc3 d5 3. Bf4 Bf5 4. e3 e6 5. f3 Bd6 6. g4 Bxf4 7. exf4 Bg6 8. h4 h6 9. Bd3 Bxd3 10. Qxd3 Nc6 11. Nge2 Qd6 12. O-O-O O-O-O 13. Rhe1 a6 14. Kb1 Nb4 15. Qd2 Nd7 16. Ng3 Nb6 17. b3 g5 18. Nh5 gxh4 19. Qh2 c5 20. Qxh4 cxd4 21. Rxd4 Qc5 22. Qf6 Nd7 23. Qg7 Rhg8 24. Na4 Qxc2+ 0-1


[Site "https://www.chess.com"]

[Event "Titled Tuesday Blitz March 08 Early 2022"]
[White "Bilan, Danila"]
[Black "Hua, Lefong"]
[WhiteFideId "24161918"]
[BlackFideId "2602253"]
[WhiteElo "2164"]
[BlackElo "2599"]
[Result "1/2-1/2"]
[Round "11"]
[TimeControl "180+1"]
[Date "2022.03.09"]
[WhiteClock "0:00:20"]
[BlackClock "0:00:24"]

1. d4 Nf6 2. c4 g6 3. Nc3 Bg7 4. e4 d6 5. Nf3 O-O 6. Be2 Bg4 7. O-O Nfd7 8. Be3 c5 9. h3 Bxf3 10. Bxf3 Nc6 11. dxc5 dxc5 12. Qd2 Nd4 13. Bxd4 cxd4 14. Ne2 e5 15. Nc1 a5 16. Nd3 Qc7 17. Rfc1 b6 18. b3 Nc5 19. Rab1 h5 20. a3 Kh7 21. Qe2 Ra7 22. b4 Na4 23. Rb3 Nc3 24. Rbxc3 dxc3 25. Rxc3 axb4 26. axb4 Ra1+ 27. Kh2 Rd8 28. c5 bxc5 29. bxc5 Rd4 30. Qb2 Ra8 31. Qc2 Bf8 32. Rc4 Ra5 33. c6 Ra6 34. Rc3 f5 35. exf5 e4+ 36. g3 exd3 37. fxg6+ Kh8 38. Rxd3 Rxd3 39. Qxd3 Ra8 40. Qd5 Bg7 41. Qxh5+ Kg8 42. Bd5+ Kf8 43. Qf5+ Ke8 44. Qf7+ Qxf7 45. gxf7+ Ke7 46. g4 Ra5 47. Be4 Be5+ 48. Kg2 Kxf7 49. f3 Kf6 50. h4 Ra2+ 51. Kf1 Bg3 52. h5 Bf4 53. Ke1 Ke6 54. Kd1 Rd2+ 55. Ke1 Kd6 56. Kf1 Be3 57. Ke1 Kc7 58. Kf1 Bg5 59. Ke1 Kd6 60. Kf1 Rd4 61. Ke1 Rc4 62. Ke2 Ke5 63. Kd3 Rc5 64. Ke2 Kd4 65. Kf2 Bf4 66. Kg2 Ke3 67. Kh3 Bg5 68. Kg3 Rc1 69. Kg2 Bf4 70. Kh3 Kf2 71. g5 Bxg5 72. Kg4 Bh6 73. Kf5 Ke3 74. Ke6 Kd4 75. Kd7 Bf4 76. Ke6 Rc5 77. Kd7 Rxh5 78. Ke6 Rc5 79. Kd7 Ke5 80. c7 Kd4 81. c8=Q Rxc8 82. Kxc8 Ke5 83. Kd7 Be3 84. Kc8 Kf4 85. Kd7 Bf2 86. Kc6 Be3 87. Kd5 Bf2 88. Kc4 Be3 89. Kd3 Bf2 90. Ke2 Be3 91. Kf1 Bc5 92. Kg2 Bb6 93. Kh3 Ba7 94. Kg2 Bb8 95. Kh3 Bc7 96. Kh4 Bb6 97. Kh3 Bc5 98. Kg2 Be3 99. Kh3 Bd4 100. Kg2 Be5 101. Kh3 Bd4 102. Kg2 Be3 103. Kh3 Bd4 1/2-1/2


[Site "https://www.chess.com"]

[Event "Titled Tuesday Blitz March 08 Early 2022"]
[White "Bilych, Olexiy"]
[Black "Garv Gaur"]
[WhiteFideId "14156504"]
[BlackFideId "45030839"]
[WhiteElo "2176"]
[BlackElo "1950"]
[Result "0-1"]
[Round "11"]
[TimeControl "180+1"]
[Date "2022.03.09"]
[WhiteClock "0:00:11"]
[BlackClock "0:01:10"]

1. d4 d5 2. c4 e6 3. Nf3 Nf6 4. Nc3 Be7 5. Bf4 O-O 6. e3 c5 7. dxc5 Bxc5 8. Qc2 Nc6 9. Rd1 Qa5 10. Nd2 d4 11. Nb3 Qb6 12. Nxc5 Qxc5 13. exd4 Nxd4 14. Qd3 e5 15. Be3 Bf5 16. Bxd4 exd4 17. Qxd4 Rfe8+ 18. Be2 Qb4 19. Rd2 Ne4 20. Nxe4 Rxe4 21. a3 Qe7 22. Qd5 Re8 23. O-O Re5 24. Qf3 Be4 25. Qg3 Rg5 26. Qh3 Rxg2+ 27. Qxg2 Bxg2 28. Kxg2 Qg5+ 0-1


[Site "https://www.chess.com"]

[Event "Titled Tuesday Blitz March 08 Early 2022"]
[White "Borodavkin, Anatoly"]
[Black "Ptacnikova, Lenka"]
[WhiteFideId "14150662"]
[BlackFideId "305650"]
[WhiteElo "1845"]
[BlackElo "1923"]
[Result "1/2-1/2"]
[Round "11"]
[TimeControl "180+1"]
[Date "2022.03.09"]
[WhiteClock "0:00:02"]
[BlackClock "0:00:14"]

1. e4 c5 2. Nc3 e6 3. g3 d5 4. Bg2 dxe4 5. Nxe4 Be7 6. d3 Nf6 7. Be3 Qc7 8. Ne2 Nd5 9. Bd2 Nc6 10. O-O O-O 11. Nf4 Nxf4 12. Bxf4 e5 13. Be3 b6 14. f4 Bb7 15. fxe5 Nxe5 16. Bf4 Rae8 17. Qd2 f6 18. Rae1 Qd7 19. h3 Ng6 20. Re2 Nxf4 21. Qxf4 Bd8 22. Rfe1 Bc7 23. Qf3 Bc8 24. g4 Be5 25. c3 Rd8 26. Nf2 Ba6 27. Rd1 Rfe8 28. Red2 Qc7 29. d4 cxd4 30. cxd4 Bf4 31. Rd3 Bxd3 32. Nxd3 Bd6 33. Qd5+ Kh8 34. Qf3 Qc4 35. d5 Qxa2 36. g5 fxg5 37. Rf1 Qc4 38. Qd1 Qd4+ 39. Kh1 1/2-1/2


[Site "https://www.chess.com"]

[Event "Titled Tuesday Blitz March 08 Early 2022"]
[White "Bortnyk, Olexandr"]
[Black "Timofeev, Artyom"]
[WhiteFideId "14120828"]
[BlackFideId "4140419"]
[WhiteElo "2723"]
[BlackElo "2594"]
[Result "1-0"]
[Round "11"]
[TimeControl "180+1"]
[Date "2022.03.08"]
[WhiteClock "0:00:24"]
[BlackClock "0:00:03"]

1. e4 c5 2. c3 e6 3. d4 d5 4. exd5 exd5 5. Be3 c4 6. b3 cxb3 7. axb3 Nc6 8. Bd3 Bd6 9. h3 Nge7 10. Qf3 O-O 11. Ne2 Be6 12. Nf4 Qd7 13. Nd2 Bf5 14. Bxf5 Qxf5 15. O-O a6 16. Rfe1 Rac8 17. Nh5 Qxf3 18. Nxf3 Rfe8 19. Bd2 Ng6 20. Kf1 f6 21. g3 Kf7 22. h4 Nce7 23. Ke2 Nf8 24. Kd3 Nd7 25. Bf4 Nf5 26. Rxe8 Rxe8 27. Bxd6 Nxd6 28. Nf4 Nb6 29. Ra5 Ne4 30. Ra2 g5 31. hxg5 fxg5 32. Ng2 h5 33. Ne3 Kf6 34. Ne5 h4 35. gxh4 gxh4 36. c4 Rxe5 37. Ng4+ Kf5 38. Nxe5 h3 39. f3 dxc4+ 40. bxc4 Ng5 41. Ke3 Ne6 42. Rb2 Na4 43. Rxb7 Nc3 44. Rf7+ Kg5 45. d5 h2 46. Rh7 Nd1+ 47. Ke2 Nf4+ 48. Kxd1 Nh5 49. f4+ 1-0


[Site "https://www.chess.com"]

[Event "Titled Tuesday Blitz March 08 Early 2022"]
[White "Bowden, Karl"]
[Black "Vianello, Enrico"]
[WhiteFideId "400548"]
[BlackFideId "810738"]
[WhiteElo "2367"]
[BlackElo "2255"]
[Result "0-1"]
[Round "11"]
[TimeControl "180+1"]
[Date "2022.03.09"]
[WhiteClock "0:00:02"]
[BlackClock "0:00:08"]

1. e4 d6 2. d4 Nf6 3. Bd3 g6 4. f4 Bg7 5. Nf3 O-O 6. O-O c5 7. dxc5 dxc5 8. e5 Nd5 9. Be4 Nb4 10. Be3 Qc7 11. Nc3 Bd7 12. a3 N4a6 13. Nd5 Qd8 14. c4 Bc6 15. Qc2 e6 16. Nc3 Qe7 17. Rad1 Bxe4 18. Nxe4 Nc6 19. Rd6 Rfd8 20. Rfd1 Rxd6 21. exd6 Qf8 22. Bxc5 Rd8 23. b4 b6 24. Bf2 Nab8 25. c5 bxc5 26. bxc5 Nd7 27. Neg5 Rc8 28. Qb3 Rb8 29. Qa4 Qc8 30. Rc1 Nf6 31. Qc4 Nd5 32. Bg3 Na5 33. Qe4 Nb3 34. c6 Nxc1 35. c7 Rb7 36. Ne5 f6 37. Nc6 fxg5 38. Qxd5 Rxc7 39. Qe4 Rxc6 40. fxg5 Qd7 41. h3 Nb3 42. Kh2 Nc5 43. Qc4 Nb7 44. Qb5 Nxd6 45. Qb8+ Nc8 46. Qb3 h6 47. Qf3 Kh7 48. Qe4 hxg5 49. Qg4 Ne7 50. Qxg5 Nf5 51. Qf4 Qf7 52. Qg4 Rc5 53. Bf4 Rd5 54. Bg5 Rd7 55. Qe2 Bh6 0-1


[Site "https://www.chess.com"]